 Dungeon Crawl Stone Soup version 0.19.5 (webtiles) character file.

3621 tof the Spear-Bearer (level 9, -10/65 HPs)
             Began as a Demonspawn Berserker on Mar 8, 2017.
             Was a High Priest of Trog.
             Mangled by an orc knight
             ... wielding a +0 bardiche
              (50 damage)
             ... in a bailey.
             The game lasted 00:35:27 (8067 turns).

tof the Spear-Bearer (Demonspawn Berserker)         Turns: 8067, Time: 00:35:27

Health: -10/65     AC:  9    Str: 20    XL:     9   Next: 87%
Magic:  9/9        EV: 11    Int:  5    God:    Trog [*****.]
Gold:   376        SH:  0    Dex: 15    Spells: 0 memorised, 8 levels left

rFire  + + .     SeeInvis +     I - +2 trident
rCold  + . .     Gourm    .     K - +0 scale mail (curse)
rNeg   . . .     Faith    .     (no shield)
rPois  +         Spirit   .     H - +0 helmet of the Doldrums {rElec rF++ Int-3 Dex-2}
rElec  +         Reflect  .     (no cloak)
rCorr  .         Harm     .     (no gloves)
MR     .....                    (no boots)
Stlth  ..........               d - amulet of regeneration
                                r - ring of poison resistance
                                E - +3 ring of strength

@: no status effects
A: talons 1, icy blue scales 1, see invisible, cold resistance 1, demonic
guardian 2, wild magic 1
a: Berserk, Trog's Hand, Brothers in Arms, Burn Spellbooks, Renounce Religion


You were in a bailey.
You worshipped Trog.
Trog was extremely pleased with you.
You were not hungry.

You visited 1 branch of the dungeon, and saw 8 of its levels.
You also visited: Sewer and Bailey.

You collected 376 gold pieces.

Inventory:

Hand Weapons
 a - a +0 spear
 y - a +3 spear of flaming
 I - a +2 trident (weapon)
Armour
 m - a +2 helmet
 n - a +0 chain mail
 v - a +0 leather armour
 H - the +0 helmet of the Doldrums (worn) {rElec rF++ Int-3 Dex-2}
   (You found it on level 7 of the Dungeon)

   It affects your intelligence (-3).
   It affects your dexterity (-2).
   It greatly protects you from fire.
   It insulates you from electricity.
 K - a cursed +0 scale mail (worn)
Jewellery
 b - a +3 ring of dexterity
 d - an amulet of regeneration (around neck)
 h - an uncursed ring of flight
 p - an uncursed amulet of rage {unknown}
 r - a ring of poison resistance (right hand)
 D - an uncursed ring of stealth {unknown}
 E - a +3 ring of strength (left hand)
Scrolls
 e - 2 scrolls of remove curse
 i - 3 scrolls of enchant armour
 k - a scroll of teleportation
 u - a scroll of random uselessness
 A - 2 scrolls of recharging
 C - a scroll of vulnerability
Potions
 j - 7 potions of curing
 l - a potion of berserk rage
 s - a potion of lignification
 t - 2 potions of haste
 w - 5 potions of heal wounds
 x - 6 potions of agility
 z - 3 potions of brilliance
Books
 q - a book of Misfortune

   Spells                             Type                      Level
   a - Confusing Touch                Hexes                        1
   b - Confuse                        Hexes                        3
   c - Gell's Gravitas                Hexes/Translocation          3
   d - Petrify                        Transmutation/Earth          4
   e - Metabolic Englaciation         Hexes/Ice                    5
   f - Yara's Violent Unravelling     Hexes/Transmutation          5
   Trog disapproves of the use of such an item.
 G - a book of Transfigurations

   Spells                             Type                      Level
   a - Irradiate                      Conjuration/Transmutation    5
   b - Statue Form                    Transmutation/Earth          6
   c - Hydra Form                     Transmutation                6
   d - Dragon Form                    Transmutation                7
   Trog disapproves of the use of such an item.
Comestibles
 c - 5 bread rations
 f - 2 slices of pizza
 g - 5 meat rations
 o - 5 fruits
 B - 10 royal jellies
 F - 2 beef jerkies


   Skills:
 - Level 4.0 Fighting
 * Level 12.3 Polearms
 - Level 2.8 Armour
 - Level 3.1 Dodging


You had 8 spell levels left.
You didn't know any spells.

Dungeon Overview and Level Annotations

Branches:
Dungeon (8/15)             Temple (0/1) D:4            Lair (0/6) D:8

Altars:
Dithmenos
Elyvilon
Fedhas
Hepliaklqana
Okawaru
Sif Muna
Zin


Innate Abilities, Weirdness & Mutations

You have sharp toenails.
You are partially covered in icy blue scales. (AC +2)
Your flesh is cold resistant. (rC+)
A demonic guardian rushes to your aid.
You have supernaturally acute eyesight. (SInv)
Your spells are a little harder to cast, but a little more powerful.


Message History

Attack whom?
Press: ? - help, Dir - move target cursor, f/p - orc knight
Aim: an orc knight, wielding a bardiche and wearing a scale mail (black smoke, lightly wounded, unusually strong)
You reach to attack!
You hit the orc knight but do no damage.
The orc knight is lightly wounded.
The orc knight closely misses you.
Attack whom?
Press: ? - help, Dir - move target cursor, f/p - orc knight
Aim: an orc knight, wielding a bardiche and wearing a scale mail (black smoke, lightly wounded, unusually strong)
You reach to attack!
You puncture the orc knight!
The orc knight is moderately wounded.
Attack whom?
Press: ? - help, Dir - move target cursor, f/p - orc knight
Aim: an orc knight, wielding a bardiche and wearing a scale mail (black smoke, moderately wounded, unusually strong)
You reach to attack!
You closely miss the orc knight.
The orc knight is moderately wounded.
The orc knight hits you from afar with a bardiche!!!
Ouch! That really hurt!
You die...

##.........## ##..≈≈≈≈≈≈≈..##
##..≈≈....)≈≈..##
##########..≈≈..###..≈≈..#####
#..........≈≈..## ##..≈≈......
#.≈≈≈≈≈≈≈≈≈≈..##.∩.##.)≈≈≈≈≈≈≈
#.≈..........##.....##...)....
#.≈)#########'###+############
#.≈)## #@§...... # #.≈..##
#.§§§≈≈≈§≈ ## #.≈≈..##
#.§§§oo...≈ ##. #∩.≈≈..#
#.§≈≈ooo⌠⌠..≈ #..
##.≈≈..#+#.§≈§...⌠...≈ #..
#.≈≈..##.##..≈§§..§.≈≈ ##.
#.≈..##...#'..≈§≈≈≈≈≈. ##
#.≈.##.....##......... #.$$$.#
#.≈.########## #######


You could see an orc knight.

Vanquished Creatures
  The ghost of Fairytaker the Basher, a novice GrFi of the Shining One (D:7)
  The ghost of Exporg the Skirmisher, an amateur MiFi (Sewer)
  A black bear (D:7)
  3 ogres
  2 phantoms (D:7)
  3 ice beasts
  2 orc warriors
  2 centaurs (D:5)
  A big kobold (Sewer)
  A gnoll sergeant (D:5)
  A bullfrog (D:7)
  4 wights (D:7)
  2 howler monkeys
  2 crimson imps
  A bullfrog zombie (D:5)
  6 orc priests
  3 jellies (D:8)
  5 hounds
  6 orc wizards
  A bullfrog skeleton (D:4)
  An iguana (D:4)
  2 worker ants
  A hound skeleton (D:6)
  6 gnolls
  5 river rats (Sewer)
  17 adders
  A shadow imp (D:6)
  5 oozes (D:8)
  5 worms
  3 dart slugs (D:2)
  3 leopard geckos
  34 orcs
  10 ball pythons
  19 giant cockroaches
  7 goblins
  5 hobgoblins
  8 jackals
  4 quokkas
  6 bats
  5 frilled lizards
  A jackal skeleton (D:8)
  20 kobolds
  25 rats
241 creatures vanquished.

Vanquished Creatures (collateral kills)
  An orc warrior (D:8)
  A big kobold (Sewer)
  2 scorpions
  2 orc priests (D:8)
  An orc wizard (D:4)
  A gnoll (D:5)
  A river rat (Sewer)
  A leopard gecko (D:4)
  3 orcs
  A kobold (Sewer)
  A rat (Sewer)
15 creatures vanquished.

Grand Total: 256 creatures vanquished

Notes
Turn   | Place    | Note
-------+----------+-------------------------------------------
     0 | D:1      | tof the Demonspawn Berserker began the quest for the Orb.
     0 | D:1      | Reached XP level 1. HP: 18/18 MP: 1/1
     6 | D:1      | Noticed an iguana
     6 | D:1      | Noticed a black mamba
     6 | D:1      | Noticed a polar bear
   259 | D:1      | Gained mutation: A weak demonic guardian rushes to your aid. [demonic ancestry]
   259 | D:1      | Reached XP level 2. HP: 21/24 MP: 2/2
   328 | D:1      | Reached skill level 3 in Polearms
   882 | D:1      | Reached XP level 3. HP: 27/29 MP: 3/3
  1197 | D:2      | Reached ** piety under Trog
  1217 | D:2      | Reached XP level 4. HP: 24/35 MP: 4/4
  1437 | D:2      | Gained mutation: Your spells are a little harder to cast, but a little more powerful. [potion of mutation]
  1437 | D:2      | Gained mutation: You have supernaturally acute eyesight. (SInv) [potion of mutation]
  1437 | D:2      | Gained mutation: You have large cloven feet. [potion of mutation]
  1596 | D:2      | Found a glowing silver altar of Zin.
  1814 | D:2      | Reached skill level 4 in Polearms
  1914 | D:3      | Found a white marble altar of Elyvilon.
  1986 | D:3      | Found a blossoming altar of Fedhas.
  2126 | D:3      | Gained mutation: Your magical capacity is low. (-10% MP) [potion of mutation]
  2126 | D:3      | Gained mutation: You expend magic power (3 MP) to strengthen your wands. [potion of mutation]
  2126 | D:3      | Gained mutation: Your flesh is heat resistant. (rF+) [potion of mutation]
  2328 | D:3      | Lost mutation: You have large cloven feet. [demonic ancestry]
  2328 | D:3      | Gained mutation: You have sharp toenails. [demonic ancestry]
  2328 | D:3      | Reached XP level 5. HP: 37/42 MP: 4/4
  2331 | D:3      | Gained mutation: You can translocate small distances at will. [potion of mutation]
  2331 | D:3      | Lost mutation: Your magical capacity is low. (-10% MP) [potion of mutation]
  2331 | D:3      | Gained mutation: Your spells are harder to cast, but more powerful. [potion of mutation]
  2556 | D:4      | Found a staircase to the Ecumenical Temple.
  2580 | D:4      | Reached *** piety under Trog
  2848 | D:4      | Gained mutation: Your flesh is cold resistant. (rC+) [demonic ancestry]
  2848 | D:4      | Reached XP level 6. HP: 48/48 MP: 6/6
  3078 | D:4      | Reached skill level 5 in Polearms
  3114 | D:4      | Found a glowing drain.
  3121 | Sewer    | Entered a sewer
  3136 | Sewer    | Noticed Exporg's ghost (amateur MiFi)
  3201 | Sewer    | Killed Exporg's ghost
  3454 | Sewer    | Reached skill level 6 in Polearms
  3454 | Sewer    | Reached XP level 7. HP: 54/54 MP: 7/7
  3597 | Sewer    | Reached **** piety under Trog
  4274 | D:5      | Entered Level 5 of the Dungeon
  4287 | D:5      | Found a deep blue altar of Sif Muna.
  4356 | D:5      | Reached skill level 7 in Polearms
  4409 | D:5      | Found a deep blue altar of Sif Muna.
  4480 | D:5      | Found a hazy altar of Hepliaklqana.
  4641 | D:5      | Gained mutation: A demonic guardian rushes to your aid. [demonic ancestry]
  4641 | D:5      | Reached XP level 8. HP: 22/60 MP: 8/8
  4772 | D:5      | Reached skill level 8 in Polearms
  5232 | D:5      | Lost mutation: You can translocate small distances at will. [potion of cure mutation]
  5232 | D:5      | Lost mutation: You expend magic power (3 MP) to strengthen your wands. [potion of cure mutation]
  5232 | D:5      | Lost mutation: Your spells are harder to cast, but more powerful. [potion of cure mutation]
  5232 | D:5      | Lost mutation: Your flesh is heat resistant. (rF+) [potion of cure mutation]
  5260 | D:6      | Reached skill level 9 in Polearms
  5513 | D:6      | Found an iron altar of Okawaru.
  5555 | D:6      | Reached skill level 10 in Polearms
  5558 | D:6      | Reached ***** piety under Trog
  5969 | D:7      | Gained mutation: You are partially covered in icy blue scales. (AC +2) [demonic ancestry]
  5969 | D:7      | Reached XP level 9. HP: 65/65 MP: 9/9
  6309 | D:7      | Got a bloodstained helmet
  6320 | D:7      | Identified the cursed +0 helmet of the Doldrums {rElec rF++ Int-3 Dex-2} (You found it on level 7 of the Dungeon)
  6417 | D:7      | Found a shadowy altar of Dithmenos.
  6474 | D:7      | Reached skill level 11 in Polearms
  6674 | D:7      | Noticed Fairytaker's ghost (novice GrFi)
  6697 | D:7      | Killed Fairytaker's ghost
  7098 | D:8      | Found a staircase to the Lair.
  7337 | D:8      | Reached skill level 12 in Polearms
  7504 | D:8      | Found a flagged portal.
  7513 | Bailey   | Entered a bailey
  7812 | Bailey   | Noticed an orc knight
  7813 | Bailey   | Noticed an orc knight
  8067 | Bailey   | Mangled by an orc knight

Skill      XL: |  1  2  3  4  5  6  7  8  9 |
---------------+----------------------------+-----
Polearms       | 3 4 6 7 10 12 | 12.3
Armour         | 2 |  2.8
Dodging        | 2 3 |  3.1
Fighting       | 4 |  4.0

Action                   |  1- 3 |  4- 6 |  7- 9 || total
-------------------------+-------+-------+-------++-------
Melee: Spear             |   147 |   477 |   597 ||  1221
       Kick              |       |   104 |   199 ||   303
       Trident           |       |       |   201 ||   201
Invok: Berserk           |       |       |     2 ||     2
 Abil: Blink             |       |     2 |       ||     2
  Use: Potion            |     1 |     5 |     6 ||    12
       Scroll            |       |     5 |     8 ||    13
 Stab: Sleeping          |     3 |     1 |       ||     4
       Distracted        |       |     2 |     1 ||     3
  Eat: Chunk             |     1 |     8 |    17 ||    26
       Fruit             |       |       |     1 ||     1
Armor: Animal skin       |    19 |    26 |       ||    45
       Chain mail        |       |   132 |   222 ||   354
       Leather armour    |       |       |     7 ||     7
       Scale mail        |       |       |     5 ||     5
Dodge: Dodged            |    53 |   188 |   196 ||   437
